Map: Prion Terraces

Players

LilDicky - Winner!

  • Race: Protoss Protoss
  • League: Diamond

Freek

  • Race: Terran Terran
  • League: Silver

VOD

http://www.twitch.tv/tumescentpie

Description

Time

  • Played on: Dec. 6, 2015, 1:35 p.m.
  • Length: 5:18
Show
View Real Time Build Order
Export as new Build Order

LilDicky Protoss - Winner!

Build Orders:  

Get SALT Encoding   

  12  0:02  Probe (Chrono Boost)  
  13  0:14  Probe (Chrono Boost)  
  14  0:17  Pylon  
  14  0:24  Probe (Chrono Boost)  
  16  0:35  Probe (Chrono Boost)  
  16  0:38  Forge  
  16  0:49  Gateway  
  16  0:51  Probe (Chrono Boost), Assimilator  
  17  1:01  Probe (Chrono Boost)  
  18  1:12  Probe (Chrono Boost)  
  19  1:23  Probe (Chrono Boost)  
  20  1:27  Pylon  
  20  1:36  Cybernetics Core  
  20  1:38  Probe (Chrono Boost)  
  21  1:48  Probe (Chrono Boost)  
  22  1:59  Probe (Chrono Boost)  
  23  2:12  Warp Gate (Chrono Boost)  
  23  2:13  Zealot  
  26  2:17  Mothership Core (Chrono Boost)  
  26  2:21  Assimilator  
  27  2:27  Pylon  
  27  2:35  Probe (Chrono Boost)  
  28  2:48  Nexus  
  28  2:51  Probe (Chrono Boost)  
  29  3:01  Adept  
  31  3:12  Pylon  
  31  3:14  Probe  
  32  3:28  Gateway  
  32  3:29  Gateway  
  32  3:32  Gateway  
  32  3:38  Pylon  
  32  3:39  Pylon  
  32  3:55  Pylon  
  30  4:13  Pylon  
  30  4:15  Pylon  
  30  4:21  Pylon  
  30  4:23  Pylon  
  30  4:33  Adept x3  
  30  4:34  Adept  
  38  5:01  Pylon  
  38  5:02  Pylon  
Show
View Real Time Build Order
Export as new Build Order

Freek Terran 

Build Orders:  

Get SALT Encoding   

  12  0:01  SCV  
  13  0:13  SCV  
  14  0:18  Supply Depot  
  14  0:25  SCV  
  15  0:40  SCV  
  15  0:41  Barracks  
  16  0:50  Refinery  
  16  0:53  SCV  
  17  1:05  SCV  
  18  1:17  SCV  
  19  1:32  Supply Depot  
  19  1:33  Orbital Command  
  19  1:44  Command Center  
  19  1:46  Marine  
  20  2:04  Factory  
  20  2:07  Barracks Tech Lab  
  20  2:08  SCV  
  21  2:20  SCV  
  22  2:33  Marine  
  23  2:38  SCV  
  24  2:54  SCV  
  25  2:58  Infernal Pre-Igniter  
  25  3:00  Hellion  
  28  3:05  Refinery  
  28  3:07  Orbital Command  
  27  3:21  SCV  
  27  3:24  Hellion  
  30  3:27  Supply Depot  
  30  3:33  SCV  
  31  3:37  SCV, Refinery  
  32  3:42  Refinery  
  32  3:45  SCV  
  31  4:08  SCV x2  
  33  4:11  Siege Tank  
  33  4:16  Marine  
  33  4:31  SCV x2  
  33  4:33  Marine  
  35  4:43  SCV x2  
  31  4:51  Marine  
Tags
 
Add a new tag
Caveats
  • Supply blocks, unpowered buildings, or Contaminate may cause inaccurate times.
  • Supply counts are checked every 10 seconds.